AoeStats
← Negev King

Hideout

508482720Analyzed
1v1 RM · 10d ago on Sep 22, 2026· 86m 54s· 2 players
Game mode
Random Map
Map size
Tiny (2 player)
Population
200
Speed
Normal
Resources
Standard
Victory
Conquest
Starting age
Dark Age
Ending age
Imperial Age
RankedLock teamsTeams togetherTeam positionsShared explorationLock speedFull tech treeHidden civsTurbo modeCheats
Victory
Defeat
🇦🇺 Bengalis · Australia
1085
+16
🇺🇸 Magyars · United States
1082
-16
TuSaiyajin
7:19 Loom
9:19 Feudal Age
9:40 Man-at-Arms
20:00 Castle Age
17:49 Double-Bit Axe
19:11 Horse Collar
20:28 Scale Barding Armor
22:47 Bloodlines
25:56 Pikeman
27:13 Scale Mail Armor
27:36 Fletching
28:49 Stone Mining
29:38 Wheelbarrow
29:22 Gold Mining
35:52 Imperial Age
33:26 Town Watch
33:12 Light Cavalry
35:05 Gold Shaft Mining
36:31 Husbandry
37:12 Ballistics
36:50 Capped Ram
37:37 Hussar
38:25 Corvinian Army
39:08 Bow Saw
39:15 Hand Cart
39:46 Parthian Tactics
39:41 Halberdier
41:35 Chain Barding Armor
41:11 Bodkin Arrow
42:08 Heavy Scorpion
44:29 Elite Skirmisher
45:14 Thumb Ring
52:40 Plate Barding Armor
76:37 Bracer
77:51 Padded Archer Armor
Negev King
10:14 Feudal Age
10:25 Man-at-Arms
12:05 Loom
12:07 Double-Bit Axe
12:06 Horse Collar
15:33 Town Watch
19:34 Gold Mining
21:57 Castle Age
21:10 Fletching
21:21 Padded Archer Armor
22:34 Bloodlines
23:31 Wheelbarrow
23:00 Bodkin Arrow
23:38 Bow Saw
27:15 Pikeman
32:46 Redemption
33:32 Hand Cart
36:39 Imperial Age
36:10 Husbandry
37:00 Elite Elephant Archer
37:52 Bracer
38:08 Leather Archer Armor
39:45 Town Patrol
41:02 Ring Archer Armor
40:39 Scale Barding Armor
41:19 Block Printing
43:29 Conscription
43:18 Paiks
45:00 Chemistry
45:25 Ballistics
48:26 Masonry
56:33 Ring Archer Armor
68:35 Light Cavalry
76:59 Scale Barding Armor
77:05 Forging
78:07 Chain Barding Armor
77:48 Siege Elephant
Connection lost

Rejoining the realm…

Still unreachable

The connection could not be restored.

Session expired

The server has moved on; the page needs a fresh start.